 Dungeon Crawl Stone Soup version 0.29-a0-721-g7f417c9bbb (webtiles) character file.

Game seed: 9325571649209271809

70 crusatyr the Chopper (level 4, -4/39 HPs)
             Began as a Hill Orc Monk on June 28, 2022.
             Slain by a hobgoblin
             ... wielding a +0 glaive
              (8 damage)
             ... on level 2 of the Dungeon.
             The game lasted 00:02:47 (1835 turns).

crusatyr the Chopper (Hill Orc Monk)                Turns: 1835, Time: 00:02:48

Health: -4/39      AC:  3    Str: 13 (15) XL:     4   Next: 22%
Magic:  4/4        EV: 11    Int:  7 (10) God:
Gold:   27         SH:  0    Dex: 10 (13) Spells: 3/3 levels left

rFire   . . .      SeeInvis .   a - +0 hand axe
rCold   . . .      Faith    .   (no shield)
rNeg    . . .      Spirit   .   k - +0 leather armour
rPois   .          Reflect  .   (no helmet)
rElec   .          Harm     .   (no cloak)
rCorr   .          Rampage  .   (no gloves)
Will    .....                   (no boots)
Stlth   +.........              (no amulet)
HPRegen 0.13/turn               (no ring)
MPRegen 0.09/turn               (no ring)

@: lethally poisoned (-4 -> -15)
A: no striking features
a: no special abilities


You were on level 2 of the Dungeon.
You visited 1 branch of the dungeon, and saw 2 of its levels.

You collected 27 gold pieces.

Inventory:

Hand Weapons
 a - a +0 hand axe (weapon)
Armour
 k - a +0 leather armour (worn)
Scrolls
 d - a scroll of vulnerability {unknown}
 e - a scroll of enchant armour {unknown}
 f - a scroll of fog {unknown}
 g - a scroll of blinking {unknown}
 i - 4 scrolls of identify {unknown}
Potions
 c - a potion of ambrosia
 h - a potion of curing {unknown}
 j - a potion of degeneration


   Skills:
 - Level 3.6 Fighting
 + Level 6.6 Axes
 - Level 2.4 Dodging
 - Level 1.5 Stealth


You had 3 spell levels left.
You didn't know any spells.
Your spell library contained the following spells:

 Spells                   Type           Power      Damage    Failure   Level
 Magic Dart               Conj           0%         1d3       52%         1
 Call Imp                 Summ           0%         N/A       65%         2
 Mephitic Cloud           Conj/Pois/Air  0%         N/A       87%         3


Dungeon Overview and Level Annotations

Branches:
Dungeon (2/15)

Altars:

Annotations:
D:2 Sigmund


Message History

The quokka barely misses you.
You barely miss the quokka.
The quokka is heavily wounded.
The hobgoblin closely misses you.
An adder comes into view.
The quokka bites you.
You barely miss the quokka.
The quokka is heavily wounded.
Sigmund casts a spell.
Sigmund flickers and vanishes!
Deactivating autopickup; reactivate with Ctrl-A.
The hobgoblin hits you from afar with a +0 glaive!
* * * LOW HITPOINT WARNING * * *
The quokka completely misses you.
You closely miss the quokka.
The quokka is heavily wounded.
The adder hisses angrily.
The hobgoblin barely misses you. The quokka barely misses you.
You hit the quokka.
The quokka is severely wounded.
The hobgoblin closely misses you. The quokka closely misses you.
You hit the quokka but do no damage.
The quokka is severely wounded.
You hit the adder but do no damage.
The quokka bites you but does no damage.
The hobgoblin closely misses you. The adder bites you.
* * * LOW HITPOINT WARNING * * *
You are poisoned.
The adder poisons you!
It was a potion of degeneration.
There was something very wrong with that liquid.
You feel weakened.
You feel dopey.
You feel clumsy.
You feel sick.
The quokka bites you but does no damage.
The adder bites you.
* * * LOW HITPOINT WARNING * * *
You are more poisoned.
The adder poisons you!
The hobgoblin hits you from afar with a +0 glaive!
You die...

#.# #..g....# #.#
#######.# #.# #.# #@#
#####g# #.# #.....#
#.# ###.##### #{#####
#.# #.......# #g#
#.###...###.# #.##
#.##....+.#.###@.##
#.##....#.#...#rS.##
##.##.####.#.#.#.#..##
##.##.# #.###.#.##..#
##.##.# #.....###....#
......#
########..##..#
.#.#### #... #..# .#.#
#@.## #..# .#.# #..#
#..#


You could see an adder, a quokka and a hobgoblin.

Vanquished Creatures
  A gnoll (D:1)
  3 adders
  2 dart slugs (D:1)
  3 endoplasms
  4 giant cockroaches
  A hobgoblin (D:1)
  2 jackals (D:1)
  A quokka (D:2)
  2 ball pythons
  4 frilled lizards
  2 goblins (D:1)
  4 kobolds
  3 rats
32 creatures vanquished.

Notes
Turn   | Place    | Note
-------+----------+-------------------------------------------
     0 | D:1      | crusatyr the Hill Orc Monk began the quest for the Orb.
     0 | D:1      | Reached XP level 1. HP: 19/19 MP: 1/1
   171 | D:1      | Reached XP level 2. HP: 22/26 MP: 2/2
   269 | D:1      | Reached skill level 5 in Axes
   834 | D:1      | Reached XP level 3. HP: 20/31 MP: 3/3
  1266 | D:2      | Reached skill level 6 in Axes
  1378 | D:2      | Noticed Sigmund
  1442 | D:2      | Reached XP level 4. HP: 32/39 MP: 4/4
  1835 | D:2      | Slain by a hobgoblin

Illustrated notes

Levels and vault maps discovered:
D:1:      dpeg_arrival_ternary, layout_loops_ring
D:2:      minmay_alternating_diamond, layout_basic, minmay_indecisive_spiral,
          uniq_sigmund

Skill      XL: |  1  2  3 |
---------------+----------+-----
Axes           | 5 6 |  6.6
Fighting       | |  3.6
Dodging        | |  2.4
Stealth        | |  1.5

Action                   |  1- 3 |  4- 6 || total
-------------------------+-------+-------++-------
Melee: Hand axe          |    82 |    24 ||   106
  Use: Potion            |     1 |     1 ||     2
 Stab: Sleeping          |     4 |     1 ||     5
       Distracted        |     1 |     1 ||     2
Armor: Robe              |     8 |       ||     8
       Leather armour    |       |     6 ||     6
Dodge: Dodged            |    47 |    22 ||    69

Table legend: (Time is in decaauts)
 A = Elapsed time spent in this place.
 B = Non-inter-level travel time spent in this place.
 C = Inter-level travel time spent in this place.
 D = Time resting spent in this place.
 E = Time spent auto-exploring this place.
 F = Levels seen in this place.
 G = Mean time per level.
                   A        B        C        D        E       F      G
               +--------+--------+--------+--------+--------+-----+--------+
         Total |   1838 |   1746 |     92 |     46 |   1369 |   2 |  919.0 |
       Dungeon |   1838 |   1746 |     92 |     46 |   1369 |   2 |  919.0 |
               +--------+--------+--------+--------+--------+-----+--------+

Top non-repeatable levels by time:
     D:1: 1291 daAuts
     D:2: 546 daAuts
